Map: Odyssey LE

Players

Namshar

  • Race: Zerg Zerg
  • Spawn Location: 5:00

Cham - Winner!

  • Race: Zerg Zerg
  • Spawn Location: 11:00

Event: WCS Jonkoping 2017

VOD

Have the link to the VOD?

Description

Time

  • Played on: June 17, 2017, 2:36 p.m.
  • Length: 9:40

All games in this series

Show
View Real Time Build Order
Export as new Build Order

Namshar Zerg 

Build Orders: Hatch First 

Get SALT Encoding   

  12  0:01  Drone  
  13  0:12  Overlord  
  13  0:16  Drone  
  14  0:30  Drone x2  
  14  0:34  Drone  
  17  0:51  Hatchery  
  17  0:53  Drone  
  17  0:57  Drone  
  18  1:08  Extractor  
  17  1:12  Spawning Pool  
  17  1:15  Drone  
  17  1:18  Drone  
  18  1:27  Drone  
  19  1:38  Overlord  
  19  1:58  Queen  
  19  1:59  Zergling x4  
  23  2:02  Queen  
  23  2:03  Zergling x2  
  26  2:13  Spine Crawler, Drone x2  
  27  2:24  Drone  
  27  2:25  Drone  
  29  2:32  Drone  
  29  2:34  Queen  
  32  2:41  Overlord  
  32  2:53  Drone x2  
  32  2:54  Drone  
  35  3:07  Overlord  
  35  3:11  Drone x4  
  35  3:12  Drone x4  
  43  3:20  Evolution Chamber  
  40  3:31  Roach Warren  
  38  3:35  Evolution Chamber  
  37  3:42  Evolution Chamber  
  37  3:43  Drone x6  
  37  3:44  Drone  
  37  3:47  Zerg Missile Weapons Level 1  
  43  3:53  Lair  
  43  4:01  Evolution Chamber  
  43  4:06  Overlord x2  
  43  4:10  Extractor  
  43  4:11  Extractor  
  43  4:14  Drone  
  43  4:15  Drone x2  
  43  4:16  Overlord  
  44  4:20  Overlord x2  
  44  4:27  Evolution Chamber  
  44  4:28  Roach x3  
  50  4:32  Roach  
  50  4:34  Overlord  
  50  4:36  Drone x2  
  50  4:37  Drone  
  56  4:38  Drone  
  56  4:52  Roach x3  
  63  5:03  Hatchery  
  61  5:07  Drone  
  61  5:08  Roach  
  61  5:09  Roach x4  
  61  5:11  Glial Reconstitution  
  72  5:15  Overlord  
  72  5:21  Zerg Ground Armor Level 1  
  72  5:28  Extractor  
  72  5:29  Drone  
  72  5:30  Drone x2  
  72  5:33  Overlord  
  74  5:41  Zerg Missile Weapons Level 2  
  74  5:51  Drone x3  
  74  5:52  Drone x4  
  74  5:55  Drone  
  82  5:59  Overseer  
  82  6:00  Overlord  
  82  6:05  Roach  
  84  6:11  Roach  
  84  6:12  Roach x5  
  84  6:16  Overlord  
  96  6:19  Overlord  
  96  6:25  Overlord  
  96  6:26  Roach x2  
  96  6:29  Drone  
  101  6:35  Ravager x4  
  101  6:39  Overlord  
  105  6:40  Hatchery, Roach  
  105  6:41  Roach  
  108  6:48  Drone  
  108  6:49  Drone x5  
  114  6:55  Queen  
  114  6:59  Spore Crawler  
  114  7:01  Spore Crawler x2  
  114  7:05  Overlord x2  
  114  7:06  Overlord  
  113  7:17  Zerg Ground Armor Level 2  
  113  7:18  Infestation Pit  
  113  7:20  Burrow, Drone  
  113  7:23  Drone  
  113  7:26  Extractor  
  113  7:31  Queen  
  113  7:34  Extractor  
  114  7:37  Drone  
  114  7:38  Roach, Drone x2  
  114  7:39  Roach x3  
  114  7:42  Roach  
  127  7:54  Drone  
  128  7:59  Infestor x2  
  128  8:04  Roach x5  
  142  8:11  Drone  
  142  8:14  Overlord x2  
  142  8:15  Overlord  
  142  8:19  Drone  
  143  8:20  Spore Crawler  
  143  8:26  Overlord x3  
  142  8:45  Hatchery  
  142  8:47  Drone x3  
  142  8:48  Drone x2  
  142  8:50  Infestor  
  144  8:58  Overseer  
  142  9:05  Roach  
  142  9:06  Roach x4  
  142  9:08  Ravager x4  
  156  9:12  Ravager x2  
Show
View Real Time Build Order
Export as new Build Order

Cham Zerg - Winner!

Build Orders: Hatch First, Muta Ling Bane 

Get SALT Encoding   

  12  0:01  Drone  
  13  0:08  Drone  
  14  0:17  Overlord  
  17  0:35  Drone x3  
  17  0:51  Hatchery  
  17  0:55  Drone  
  17  0:58  Drone  
  17  1:01  Extractor  
  17  1:14  Spawning Pool  
  17  1:17  Drone  
  17  1:22  Drone  
  18  1:30  Drone  
  19  1:40  Overlord  
  19  2:00  Queen, Metabolic Boost  
  21  2:02  Queen, Zergling x2  
  21  2:05  Zergling x2  
  21  2:08  Zergling x2  
  26  2:16  Spine Crawler  
  26  2:17  Drone  
  26  2:20  Drone  
  27  2:26  Overlord  
  27  2:29  Drone  
  28  2:34  Zergling x2  
  28  2:35  Zergling x2  
  30  2:44  Queen  
  32  2:56  Drone x3  
  35  3:10  Zergling x2  
  36  3:13  Hatchery, Zergling x2  
  36  3:17  Overlord  
  36  3:33  Overlord  
  36  3:35  Drone x3  
  36  3:36  Drone x3  
  42  3:44  Lair  
  42  3:46  Drone  
  43  3:50  Drone  
  43  3:57  Extractor, Drone x2  
  43  4:02  Drone x3  
  47  4:05  Extractor  
  47  4:08  Drone  
  46  4:15  Roach Warren  
  45  4:18  Drone x2  
  45  4:20  Evolution Chamber  
  45  4:23  Drone  
  47  4:29  Overlord  
  47  4:30  Drone x4  
  51  4:35  Drone  
  52  4:39  Overlord  
  52  4:40  Extractor  
  52  4:41  Drone x2  
  53  4:51  Spire, Drone x2  
  54  4:54  Drone  
  54  4:56  Drone  
  53  5:03  Roach x3  
  59  5:07  Roach  
  59  5:08  Roach  
  59  5:10  Drone x2  
  63  5:15  Roach  
  63  5:16  Roach  
  63  5:18  Roach  
  63  5:21  Roach  
  71  5:23  Roach  
  71  5:27  Overlord  
  73  5:28  Drone  
  73  5:30  Overlord  
  74  5:36  Zerg Missile Weapons Level 1  
  74  5:39  Overlord  
  74  5:46  Roach x4  
  82  5:51  Roach x2  
  82  5:57  Glial Reconstitution, Overlord  
  86  5:59  Drone x2  
  86  6:00  Drone  
  86  6:04  Mutalisk  
  89  6:05  Mutalisk  
  89  6:08  Drone x2  
  95  6:12  Mutalisk  
  95  6:13  Drone  
  95  6:17  Overlord  
  98  6:19  Mutalisk  
  98  6:21  Drone x2  
  98  6:23  Drone  
  98  6:25  Overlord  
  103  6:28  Extractor  
  103  6:29  Extractor, Drone x2  
  103  6:31  Mutalisk  
  105  6:38  Baneling Nest  
  105  6:39  Overlord  
  104  6:44  Drone x3  
  107  6:47  Drone x2  
  107  6:48  Drone  
  107  6:49  Drone x3  
  107  6:50  Drone  
  107  6:51  Drone  
  115  6:55  Mutalisk  
  115  6:56  Mutalisk  
  115  7:00  Overlord  
  119  7:04  Overlord  
  119  7:07  Roach x3  
  125  7:10  Overlord  
  125  7:15  Roach x2  
  129  7:20  Overseer  
  129  7:21  Roach  
  131  7:24  Centrifical Hooks  
  131  7:26  Overlord x2  
  131  7:32  Hatchery, Roach  
  131  7:34  Roach  
  134  7:37  Roach x2  
  134  7:38  Roach  
  140  7:45  Overlord  
  140  7:46  Roach x2  
  140  7:48  Zergling x4  
  140  7:49  Zergling x4  
  140  7:50  Zergling x4  
  150  7:54  Zergling x2  
  150  7:55  Zergling x2  
  150  7:57  Zergling x2  
  153  8:04  Overlord  
  153  8:08  Roach x2  
  153  8:11  Zergling x2  
  158  8:19  Roach x5  
  168  8:20  Overlord  
  168  8:28  Baneling x6  
  168  8:29  Baneling x12  
  168  8:30  Overlord  
  168  8:31  Roach  
  168  8:33  Roach, Overlord x2  
  172  8:38  Overlord  
  172  8:39  Roach x2  
  176  8:49  Roach  
  176  8:50  Roach  
  176  8:51  Overlord  
  176  8:52  Roach x2  
  176  8:53  Roach  
  176  8:55  Roach  
  188  8:57  Ravager  
  188  8:58  Ravager x4  
  188  8:59  Roach  
  195  9:08  Roach  
  195  9:09  Roach  
  199  9:10  Baneling  
  199  9:11  Baneling  
  188  9:18  Roach x2  
  188  9:19  Unknown  
  188  9:20  Roach x2  
  164  9:34  Unknown  
Tags
 
Add a new tag
Caveats
  • Supply blocks, unpowered buildings, or Contaminate may cause inaccurate times.
  • Supply counts are checked every 10 seconds.